 Dungeon Crawl Stone Soup version 0.22-a0-422-g9628fc87f1 (webtiles) character file.

3504 Kriby the Cleaver (level 9, -2/129 HPs)
             Began as a Deep Dwarf Berserker on May 19, 2018.
             Was a Follower of Trog.
             Slain by a komodo dragon (15 damage)
             ... on level 8 of the Dungeon.
             The game lasted 00:14:43 (7117 turns).

Kriby the Cleaver (Deep Dwarf Berserker)            Turns: 7117, Time: 00:14:43

Health: -2/129     AC: 17    Str: 26 (29) XL:     9   Next: 80%
Magic:  8/8        EV: 12    Int:  7 (8)  God:    Trog [*.....]
Gold:   490        SH:  0    Dex:  9 (12) Spells: 8/8 levels left

rFire    . . .     SeeInvis +   h - +0 battleaxe
rCold    . . .     Gourm    .   (shield currently unavailable)
rNeg     + . .     Faith    .   G - +5 chain mail of Going Fast {rN+ Regen+ Slay+4}
rPois    .         Spirit   .   i - +0 helmet
rElec    .         Reflect  .   (no cloak)
rCorr    .         Harm     .   (no gloves)
MR       +....                  (no boots)
Stlth    ..........             (no amulet)
HPRegen  0.00/turn              (no ring)
MPRegen  0.11/turn              (no ring)

@: berserking (expiring), starving, non-regenerating, very quick
A: damage resistance, heal wounds, see invisible, mutation resistance 1, sense
surroundings 2, no regeneration
a: Heal Wounds, Berserk, Renounce Religion


You were on level 8 of the Dungeon.
You worshipped Trog.
Trog was aware of your devotion.
You were starving.

You visited 2 branches of the dungeon, and saw 10 of its levels.
You also visited: Ossuary.

You collected 490 gold pieces.

Inventory:

Hand Weapons
 a - a +0 hand axe
 h - a +0 battleaxe (weapon)
Missiles
 B - 2 throwing nets (quivered)
Armour
 b - a +0 animal skin
 f - a +0 scale mail
 i - a +0 helmet (worn)
 j - a +0 leather armour
 y - a cursed +0 chain mail
 z - a +0 plate armour
 G - the +5 chain mail of Going Fast (worn) {rN+ Regen+ Slay+4}
   (You found it on level 7 of the Dungeon)

   It affects your accuracy and damage with ranged weapons and melee attacks
   (+4).
   It protects you from negative energy.
   It increases your rate of regeneration.
 N - a cursed +0 shield
Jewellery
 I - a +3 ring of protection {unknown}
Wands
 H - a wand of clouds (4) {@v3}
 M - a wand of acid (8) {@v2}
Scrolls
 d - 11 scrolls of identify {@r1}
 g - 7 scrolls of teleportation {@r3}
 k - 2 scrolls of fog {unknown}
 l - a scroll of noise {unknown}
 m - 3 scrolls of remove curse {@r2}
 p - 2 scrolls of magic mapping {unknown}
 r - a scroll of immolation {unknown}
 s - 2 scrolls of enchant armour {unknown}
 D - a scroll of holy word {unknown}
 E - a scroll of random uselessness {unknown}
 F - a scroll of acquirement {unknown}
 K - 4 scrolls of fear {unknown}
 O - a scroll of enchant weapon {unknown}
Potions
 e - 2 potions of curing {@q1}
 q - a potion of haste {@q3}
 t - 2 potions of magic
 u - 2 potions of lignification
 x - 3 potions of agility {@q5}
 A - 3 potions of degeneration
 J - a potion of heal wounds {@q2}
Comestibles
 c - 18 rations {@e1}


   Skills:
 * Level 7.0 Fighting
 * Level 8.4 Axes
 * Level 8.0 Armour
 * Level 8.0 Dodging


You had 8 spell levels left.
You didn't know any spells.
Your spell library was empty.

Dungeon Overview and Level Annotations

Branches:
Dungeon (9/15)             Temple (1/1) D:7            Lair (0/6) D:9
    Orc (0/2) D:9

Altars:
Elyvilon
Makhleb
Nemelex Xobeh
Xom


Innate Abilities, Weirdness & Mutations

You are resistant to damage.
You can heal yourself by infusing magical energy.
You passively map the area around you.
You do not regenerate.
You have supernaturally acute eyesight. (SInv)
You are somewhat resistant to further mutation.


Message History

The komodo dragon bites you!!
* * * LOW HITPOINT WARNING * * *
You barely miss the orc zombie. You closely miss the komodo dragon.
The komodo dragon closely misses you.
You slash the orc zombie!
You destroy the orc zombie!
Trog accepts your kill.
Your chain mail of Going Fast prevents you from hitting the komodo dragon.
The komodo dragon closely misses you.
You barely miss the orc zombie.
Your chain mail of Going Fast prevents you from hitting the komodo dragon.
The orc zombie closely misses you. The komodo dragon barely misses you.
The phantom blinks!
You climb upwards.
You feel a strong urge to attack something.
There is a stone staircase leading down here.
You slash the komodo dragon!
The komodo dragon is moderately wounded.
The komodo dragon bites you!!
You die...

......................#.##.......
.#.#..#####.#####..#.#..###......
#...#.# #.#####..#.##.# #....##
##.##.# #......>......# #.#.##
#.##.# #........#.##.# #.#.#
#.##.# #..........#.## #.#.#
#.##.# ######......#####.#.#
##.##.# #.l.#### #.....# .(.##.#
#@..# ##.....# #####.# #...#
#......# ......# #...#####....<.#
####### #..............# ..#
######.##.##.### #.# #.##.#### *
#.######## #†##.#* * .........#
#.##.## #.######.# #.##.## ,


You could see a komodo dragon.

Vanquished Creatures
  Pikel (D:6)
  A yak (D:6)
  2 water moccasins
  A sky beast (D:8)
  3 orc warriors
  A phantom (D:9)
  An ice beast (D:8)
  4 ogres
  3 centaurs
  A big kobold (D:8)
  A bullfrog (D:6)
  2 gnoll sergeants
  2 scorpions
  3 howler monkeys
  A quasit (D:8)
  2 orc priests
  3 hounds
  4 orc wizards
  A bullfrog skeleton (D:8)
  A centaur skeleton (D:4)
  4 centaur zombies
  Jessica (D:2)
  2 iguanas
  3 worker ants
  4 big kobold zombies (Ossuary)
  An ogre zombie (D:9)
  A hound skeleton (D:6)
  4 mummies (Ossuary)
  11 gnolls
  9 adders
  An ooze (D:1)
  3 worms
  2 dart slugs
  3 leopard geckos (D:3)
  12 orcs
  8 giant cockroaches
  3 hobgoblins (D:1)
  4 jackals
  12 kobolds
  7 quokkas
  A ball python (D:5)
  8 bats
  7 frilled lizards
  11 goblins
  A goblin skeleton (D:9)
  A goblin zombie (D:9)
  4 hobgoblin zombies
  A jackal skeleton (D:4)
  An orc zombie (D:9)
  A quokka zombie (D:8)
  14 rats
183 creatures vanquished.

Vanquished Creatures (others)
  A sky beast (D:6)
  2 orc wizards
  An orc (D:6)
  A plant (D:9)
5 creatures vanquished.

Grand Total: 188 creatures vanquished

Notes
Turn   | Place    | Note
-------+----------+-------------------------------------------
     0 | D:1      | Kriby the Deep Dwarf Berserker began the quest for the Orb.
     0 | D:1      | Reached XP level 1. HP: 20/20 MP: 1/1
    77 | D:1      | Reached XP level 2. HP: 18/27 MP: 2/2
   258 | D:1      | Reached ** piety under Trog
   371 | D:1      | Reached XP level 3. HP: 11/34 MP: 3/3
   961 | D:2      | Reached XP level 4. HP: 13/42 MP: 4/4
  1157 | D:2      | Noticed Jessica
  1167 | D:2      | Killed Jessica
  1544 | D:3      | Reached XP level 5. HP: 37/49 MP: 5/5
  1698 | D:3      | Found a burning altar of Makhleb.
  1977 | D:3      | Reached XP level 6. HP: 44/57 MP: 6/6
  2055 | D:3      | Reached *** piety under Trog
  2356 | D:4      | Reached skill level 5 in Axes
  2746 | D:4      | Reached XP level 7. HP: 53/64 MP: 7/7
  3096 | D:5      | Entered Level 5 of the Dungeon
  3329 | D:5      | Reached skill level 5 in Armour
  3338 | D:5      | Reached skill level 5 in Dodging
  3705 | D:6      | Noticed Pikel
  3725 | D:6      | Killed Pikel
  3725 | D:6      | Reached skill level 5 in Fighting
  3725 | D:6      | Reached XP level 8. HP: 74/74 MP: 8/8
  4128 | D:6      | HP: 2/75 [something (4)]
  4303 | D:6      | Found a white marble altar of Elyvilon.
  5040 | D:7      | Found a staircase to the Ecumenical Temple.
  5104 | Temple   | Entered the Ecumenical Temple
  5105 | Temple   | HP: 1/76 [water moccasin (4)]
  5209 | D:7      | Found a sand-covered staircase.
  5215 | Ossuary  | Entered an ossuary
  5218 | Ossuary  | Gained mutation: You passively map the area around you. [Deep Dwarf growth]
  5218 | Ossuary  | Reached XP level 9. HP: 34/82 MP: 8/8
  5788 | D:7      | Got an ancient chain mail
  5789 | D:7      | Identified the +5 chain mail of Going Fast {rN+ Regen+ Slay+4} (You found it on level 7 of the Dungeon)
  6350 | D:8      | HP: 4/85 [orc warrior/halberd (12)]
  6868 | D:9      | Found a staircase to the Lair.
  6869 | D:9      | Noticed a komodo dragon
  6891 | D:9      | Found a staircase to the Orcish Mines.
  6964 | D:8      | Gained mutation: You have supernaturally acute eyesight. (SInv) [potion of mutation]
  6964 | D:8      | Gained mutation: You passively map a large area around you. [potion of mutation]
  6964 | D:8      | Lost mutation: You passively map a large area around you. [potion of mutation]
  6964 | D:8      | Gained mutation: You are somewhat resistant to further mutation. [potion of mutation]
  7117 | D:8      | Slain by a komodo dragon

Vault maps used:
D:1:      onia_arrival_handbag, st_stairs_8
D:2:      uniq_jessica
D:3:      makhleb_blood_cavern_becter, corexii_leaking_fountain
D:5:      first_ration
D:6:      elyvilon_altar_3, kb_rosetta, uniq_pikel
D:7:      temple_green, nicolae_ossuary_entry_plus
D:8:      nicolae_overflow_hidden_temple, blue_anna_alchemist
D:9:      tgw_fedhas, david_lair_shrubbed, zombieorc2_lemuel
Temple:   regret_index_temple_mists
Ossuary:  ossuary_the_hunt_dpeg

Skill      XL: |  1  2  3  4  5  6  7  8  9 |
---------------+----------------------------+-----
Fighting       | 3 4 5 6 7 |  7.0
Armour         | 3 4 5 6 8 |  8.0
Dodging        | 3 4 5 6 8 |  8.0
Axes           | 4 5 6 7 8 |  8.4

Action                   |  1- 3 |  4- 6 |  7- 9 || total
-------------------------+-------+-------+-------++-------
Melee: Hand axe          |    94 |   231 |   120 ||   445
       Battleaxe         |       |       |   210 ||   210
Invok: Berserk           |     2 |     5 |     9 ||    16
       Trog's Hand       |     2 |     7 |    26 ||    35
 Abil: Heal Wounds       |       |       |     2 ||     2
Evoke: Wand              |       |       |     2 ||     2
  Use: Potion            |       |     4 |    10 ||    14
       Scroll            |       |       |     6 ||     6
 Stab: Sleeping          |     1 |       |       ||     1
  Eat: Chunk             |     3 |    13 |    11 ||    27
       Ration            |       |       |     6 ||     6
Armor: Animal skin       |    19 |     6 |       ||    25
       Leather armour    |       |    16 |       ||    16
       Scale mail        |       |    23 |   112 ||   135
       Chain mail        |       |       |    65 ||    65
Dodge: Dodged            |    67 |   157 |   241 ||   465

Table legend:
 A = Spawn XP
 B = Non-spawn XP
 C = Spawn XP percentage of total XP
 D = Spawn monster count
 E = Non-spawn monster count
 F = Spawn count percentage of total count
 G = Total turns spent on level
                    A         B        C        D         E        F      G
               +---------+---------+-------+---------+---------+-------+---------
         Total |       0 |    5006 |   0.0 |       0 |     185 |   0.0 |  7117
               +---------+---------+-------+---------+---------+-------+---------
           D:1 |       0 |      53 |   0.0 |       0 |      30 |   0.0 |   777
           D:2 |       0 |     132 |   0.0 |       0 |      24 |   0.0 |   704
           D:3 |       0 |     207 |   0.0 |       0 |      34 |   0.0 |   748
           D:4 |       0 |     591 |   0.0 |       0 |      18 |   0.0 |   867
           D:5 |       0 |      97 |   0.0 |       0 |       4 |   0.0 |   673
           D:6 |       0 |    1246 |   0.0 |       0 |       9 |   0.0 |  1242
           D:7 |       0 |     395 |   0.0 |       0 |      16 |   0.0 |   427
           D:8 |       0 |    1390 |   0.0 |       0 |      24 |   0.0 |   981
           D:9 |       0 |     422 |   0.0 |       0 |      10 |   0.0 |   110
        Temple |       0 |     159 |   0.0 |       0 |       2 |   0.0 |    80
       Ossuary |       0 |     314 |   0.0 |       0 |      14 |   0.0 |   508
               +---------+---------+-------+---------+---------+-------+---------
